 Dungeon Crawl Stone Soup version 0.27-a0-506-g2188dfaaa0 (webtiles) character file.

Game seed: 5357276742676631046

10 Tewichka the Grave Robber (level 2, -8/24 HPs)
             Began as an Ogre Necromancer on Mar 3, 2021.
             Killed by an exploding jackal (26 damage)
             ... ignited by their inner flame
             ... on level 1 of the Dungeon.
             The game lasted 00:00:36 (106 turns).

Tewichka the Grave Robber (Ogre Necromancer)         Turns: 106, Time: 00:00:37

Health: -8/24      AC:  3    Str: 11    XL:     2   Next: 20%
Magic:  2/5        EV: 10    Int: 16    God:
Gold:   0          SH:  0    Dex:  9    Spells: 5/6 levels left

rFire    . . .     SeeInvis .   (no weapon)
rCold    . . .     Faith    .   (no shield)
rNeg     . . .     Spirit   .   a - +0 robe
rPois    .         Reflect  .   (helmet restricted)
rElec    .         Harm     .   (no cloak)
rCorr    .         Rampage  .   (gloves unavailable)
Will     .....                  (boots unavailable)
Stlth    +.........             (no amulet)
HPRegen  0.08/turn              (no ring)
MPRegen  0.09/turn              (no ring)

@: no status effects
A: large, unfitting armour, tough skin 1
a: no special abilities


You were on level 1 of the Dungeon.
You visited 1 branch of the dungeon, and saw 2 of its levels.

Inventory:

Armour
 a - a +0 robe (worn)
Jewellery
 d - an amulet of magic regeneration


   Skills:
 - Level 1.7 Dodging
 - Level 1.4 Stealth
 + Level 2.9 Spellcasting
 + Level 3.8 Necromancy


You had 5 spell levels left.
You knew the following spells:

 Your Spells              Type           Power        Failure   Level
a - Pain                  Necr           56%          3%          1

Your spell library contained the following spells:

 Spells                   Type           Power        Failure   Level
 Animate Skeleton         Necr           28%          3%          1
 Vampiric Draining        Necr           7%           12%         3
 Animate Dead             Necr           7%           36%         4
 Agony                    Necr           14%          71%         5


Dungeon Overview and Level Annotations

Branches:
Dungeon (2/15)

Altars:


Innate Abilities, Weirdness & Mutations

You are too large for most types of armour.
You have tough skin. (AC +1)


Message History

Aiming: Pain (safe; 4% risk of failure)
Press: ? - help, Shift-Dir - straight line, f/p - adder
Aim: an adder (heavily wounded, chance to affect: 77%)
The adder writhes in agony.
You kill the adder!
You have reached level 2!
There is an escape hatch in the ceiling here.
A mysterious force pulls you upwards. The hatch slams shut behind you.
The jackal barks!
The hobgoblin shouts!
A bat, a rat, 3 jackals and 2 goblins come into view.
The goblin shouts!
You hear a shout!
The goblin shouts!
You hear a shout! x2
The bat enters a dispersal trap!
The goblin blinks! x2; The jackal blinks! x2
The rat blinks!
The jackal blinks!
The goblin blinks!
The hobgoblin blinks!
The jackal blinks!
You blink.
The bat blinks!
The jackal barely misses you. x2
The goblin moves out of view.
Found a helmet.
Found an escape hatch in the floor.
Okay, then.
As you read the scroll labelled ZIKIHUO DEMMU, it crumbles to dust.
The creatures around you are filled with an inner flame!
It was a scroll of immolation.
The bat barely misses you. The jackal misses you.
The jackal closely misses you.
The jackal bites you but does no damage.
As you read the scroll labelled MYDUIG DOIFI, it crumbles to dust.
It is a scroll of identify.
You don't have any unidentified items.
The jackal bites you but does no damage.
The hobgoblin hits you with a +0 club. The jackal bites you.
The goblin hits you but does no damage.
Casting: Pain (safe; 3% risk of failure)
Confirm with . or Enter, or press ? or * to list all spells.
Aiming: Pain (safe; 3% risk of failure)
Press: ? - help, Shift-Dir - straight line, f - jackal
Aim: a jackal (inner flame, chance to affect: 85%)
The jackal writhes in agony.
Flame seeps out of the jackal.
The jackal is engulfed in blazing flames.
The jackal explodes!
The fiery explosion engulfs the hobgoblin!!!
The fiery explosion engulfs you!!
Ouch! That really hurt!
You die...

#########
#..@○§..#
#.g§hr..#
#..b.h^.#
#.h.....#
#........#
#...>.....#
#..........§
#.......#.###
#...§...#.#


You could see 3 jackals, a goblin (inner flame), a bat (inner flame) and a rat
(inner flame).

Vanquished Creatures
  An adder (D:2)
  A goblin (D:2)
  A hobgoblin (D:1)
  A jackal (D:1)
4 creatures vanquished.

Notes
Turn   | Place    | Note
-------+----------+-------------------------------------------
     0 | D:1      | Tewichka the Ogre Necromancer began the quest for the Orb.
     0 | D:1      | Reached XP level 1. HP: 16/16 MP: 3/3
    10 | D:1      | You fall into a shaft and drop 1 floor!
    94 | D:2      | Reached XP level 2. HP: 22/24 MP: 2/5
   106 | D:1      | Killed by an exploding jackal... ignited by their inner
                  | flame

Illustrated notes

Levels and vault maps discovered:
D:1:      dpeg_arrival_castle, layout_rooms, minmay_misc_feat_four_crosses
D:2:      layout_basic, lemuel_coloured_pillars_altar, chequers_decorated_corner

Action                   || total
-------------------------++-------
Melee: Unarmed           ||     2
 Cast: Pain              ||     5
  Use: Scroll            ||     2
Armor: Robe              ||     3
Dodge: Dodged            ||     8

Table legend: (Time is in decaauts)
 A = Elapsed time spent in this place.
 B = Non-inter-level travel time spent in this place.
 C = Inter-level travel time spent in this place.
 D = Time resting spent in this place.
 E = Time spent auto-exploring this place.
 F = Levels seen in this place.
 G = Mean time per level.
                   A        B        C        D        E       F      G
               +--------+--------+--------+--------+--------+-----+--------+
         Total |    106 |    106 |      0 |     36 |     25 |   2 |   53.0 |
       Dungeon |    106 |    106 |      0 |     36 |     25 |   2 |   53.0 |
               +--------+--------+--------+--------+--------+-----+--------+

Top non-repeatable levels by time:
     D:2: 92 daAuts
     D:1: 13 daAuts
